[ AOE2 MATCH · #505564235 ]
UnrankedRomans vs Mongols
Player's team · WIN
Rival team · LOSS
[ REPLAY ANALYSIS · EXTRACTED FROM THE RECORDED GAME ]
Feudal
10:31
Castle
21:36
Imperial
41:03
| APM avg | 80.1 |
| APM peak | 113 |
| eAPM avg | 48.5 |
| Villagers / military | 155 / 141 |
Focus
⚔️ 58.1% · 🌾 41.9%
Archer ×50 · Knight ×42 · Skirmisher ×35 · Battering Ram ×6 · Militia ×5 · Monk ×3
Feudal
9:16
Castle
23:55
Imperial
—
| APM avg | 98.5 |
| APM peak | 139 |
| eAPM avg | 24.2 |
| Villagers / military | 101 / 99 |
Focus
⚔️ 33.9% · 🌾 66.1%
Cavalry Archer ×74 · Archer ×8 · Militia ×7 · Mangonel ×5 · Skirmisher ×5
Match map
Initial resources + every placement click. Lines = walls · curves = elevation contours. ◆ gold · ⬟ stone · ● berries · ✦ relic · ◌ wall gap
Your base· Open — 6t gap
KARA___'s base· Open — unwalled flank
Smoothed initial terrain · ◌ = detected wall gap · hover for details
Inputs per minute
— itsa true - - KARA___
Build order — itsa true
First 150 of 555 actions detected
| 0:01 | Queue | Villager (Male) |
| 0:01 | Queue | Villager (Male) |
| 0:02 | Queue | Villager (Male) |
| 0:03 | Build | House |
| 0:04 | Build | House |
| 0:09 | Queue | Villager (Male) |
| 1:13 | Queue | Villager (Male) |
| 1:46 | Queue | Villager (Male) |
| 1:59 | Build | Lumber Camp |
| 2:17 | Queue | Villager (Male) |
| 2:18 | Queue | Villager (Male) |
| 2:33 | Queue | Villager (Male) |
| 2:56 | Queue | Villager (Male) |
| 3:35 | Queue | Villager (Male) |
| 3:50 | Build | House |
| 3:51 | Queue | Villager (Male) |
| 4:00 | Queue | Villager (Male) |
| 4:21 | Build | Barracks |
| 4:38 | Queue | Villager (Male) |
| 5:02 | Queue | Villager (Male) |
| 5:10 | Build | House |
| 5:18 | Queue | Militia |
| 5:18 | Queue | Militia |
| 5:24 | Queue | Militia |
| 5:41 | Queue | Villager (Male) |
| 5:52 | Build | House |
| 6:04 | Queue | Villager (Male) |
| 6:12 | Build | Mill |
| 6:20 | Queue | Villager (Male) |
| 6:48 | Queue | Villager (Male) |
| 7:12 | Queue | Villager (Male) |
| 7:15 | Research | Loom |
| 7:16 | Research | Loom |
| 7:24 | Build | Mill |
| 8:19 | Research | Feudal Age |
| 8:26 | Build | Mining Camp |
| 9:04 | Queue | Villager (Male) |
| 9:28 | Build | Palisade Wall |
| 9:35 | Build | Palisade Wall |
| 9:36 | Build | Palisade Wall |
| 9:37 | Build | Palisade Wall |
| 9:45 | Build | Palisade Wall |
| 9:47 | Build | Palisade Wall |
| 9:49 | Build | Palisade Wall |
| 9:52 | Build | Palisade Wall |
| 9:53 | Build | Palisade Wall |
| 9:55 | Build | Palisade Wall |
| 10:31 | Age | Feudal Age |
| 10:34 | Research | Man-at-Arms (upgrade) |
| 10:34 | Research | Man-at-Arms (upgrade) |
| 10:34 | Research | Double-Bit Axe |
| 10:42 | Build | Archery Range |
| 10:45 | Queue | Villager (Male) |
| 10:51 | Build | Palisade Wall |
| 10:52 | Build | Palisade Wall |
| 10:54 | Build | Palisade Wall |
| 10:56 | Build | Palisade Wall |
| 11:05 | Queue | Villager (Male) |
| 11:07 | Build | Farm |
| 11:07 | Build | Farm |
| 11:08 | Build | Farm |
| 11:15 | Build | House |
| 11:19 | Queue | Villager (Male) |
| 11:24 | Queue | Archer |
| 11:33 | Build | Palisade Wall |
| 11:48 | Queue | Villager (Male) |
| 11:49 | Queue | Archer |
| 11:50 | Queue | Villager (Male) |
| 11:51 | Build | Farm |
| 12:15 | Build | Farm |
| 12:16 | Build | Farm |
| 12:24 | Queue | Villager (Male) |
| 12:28 | Queue | Archer |
| 12:34 | Build | Palisade Wall |
| 12:35 | Build | Palisade Wall |
| 12:38 | Build | House |
| 12:45 | Build | Farm |
| 12:56 | Build | House |
| 13:07 | Build | Farm |
| 13:11 | Queue | Villager (Male) |
| 13:14 | Queue | Archer |
| 13:16 | Build | House |
| 13:18 | Build | Palisade Wall |
| 13:22 | Build | Palisade Wall |
| 13:36 | Queue | Villager (Male) |
| 13:55 | Queue | Archer |
| 13:58 | Queue | Villager (Male) |
| 14:24 | Queue | Archer |
| 14:28 | Build | Farm |
| 14:29 | Build | Farm |
| 14:30 | Queue | Villager (Male) |
| 14:42 | Build | Blacksmith |
| 15:08 | Queue | Archer |
| 15:09 | Queue | Villager (Male) |
| 15:35 | Research | Fletching |
| 15:35 | Research | Fletching |
| 15:40 | Queue | Archer |
| 15:41 | Queue | Militia |
| 15:43 | Queue | Villager (Male) |
| 15:44 | Research | Scale Mail Armor |
| 15:46 | Build | House |
| 15:47 | Build | House |
| 16:06 | Queue | Archer |
| 16:08 | Queue | Villager (Male) |
| 16:11 | Build | Farm |
| 16:12 | Build | Farm |
| 16:13 | Build | Farm |
| 16:32 | Queue | Militia |
| 16:35 | Queue | Villager (Male) |
| 16:36 | Build | Farm |
| 16:53 | Research | Padded Archer Armor |
| 16:57 | Queue | Archer |
| 16:59 | Queue | Villager (Male) |
| 17:03 | Build | Farm |
| 17:12 | Build | House |
| 17:13 | Queue | Villager (Male) |
| 17:22 | Research | Wheelbarrow |
| 17:38 | Queue | Villager (Male) |
| 17:41 | Queue | Archer |
| 17:58 | Build | Farm |
| 18:08 | Build | House |
| 18:19 | Build | Palisade Wall |
| 18:35 | Queue | Archer |
| 18:37 | Build | House |
| 18:56 | Research | Castle Age |
| 18:57 | Queue | Archer |
| 19:17 | Queue | Archer |
| 19:19 | Queue | Villager (Male) |
| 19:21 | Build | House |
| 19:36 | Build | Palisade Wall |
| 19:47 | Queue | Archer |
| 20:02 | Build | Archery Range |
| 20:05 | Research | Gold Mining |
| 20:13 | Research | Horse Collar |
| 20:16 | Queue | Archer |
| 20:24 | Build | House |
| 20:39 | Build | Lumber Camp |
| 20:42 | Queue | Archer |
| 20:44 | Queue | Villager (Male) |
| 21:01 | Queue | Archer |
| 21:10 | Build | Farm |
| 21:10 | Build | Farm |
| 21:25 | Build | House |
| 21:29 | Build | House |
| 21:29 | Build | House |
| 21:30 | Build | House |
| 21:36 | Age | Castle Age |
| 21:38 | Research | Crossbowman (upgrade) |
| 21:39 | Research | Crossbowman (upgrade) |
| 21:46 | Research | Bow Saw |
Build order — KARA___
First 150 of 350 actions detected
| 0:00 | Queue | Villager (Male) |
| 0:01 | Queue | Villager (Male) |
| 0:01 | Build | House |
| 0:02 | Build | House |
| 0:15 | Queue | Villager (Male) |
| 0:18 | Queue | Villager (Male) |
| 1:31 | Queue | Villager (Male) |
| 1:52 | Queue | Villager (Male) |
| 1:52 | Queue | Villager (Male) |
| 1:52 | Queue | Villager (Male) |
| 2:15 | Build | Lumber Camp |
| 2:19 | Queue | Villager (Male) |
| 2:19 | Queue | Villager (Male) |
| 2:19 | Queue | Villager (Male) |
| 2:19 | Queue | Villager (Male) |
| 3:14 | Queue | Villager (Male) |
| 3:42 | Queue | Villager (Male) |
| 3:50 | Build | House |
| 3:56 | Queue | Villager (Male) |
| 4:25 | Queue | Villager (Male) |
| 4:53 | Queue | Villager (Male) |
| 5:16 | Build | Barracks |
| 5:24 | Queue | Villager (Male) |
| 5:32 | Build | House |
| 5:50 | Queue | Villager (Male) |
| 6:12 | Queue | Villager (Male) |
| 6:30 | Research | Loom |
| 6:58 | Build | Mining Camp |
| 7:00 | Research | Feudal Age |
| 7:00 | Research | Feudal Age |
| 7:00 | Research | Feudal Age |
| 7:20 | Build | Mill |
| 7:24 | Queue | Militia |
| 7:24 | Queue | Militia |
| 7:24 | Queue | Militia |
| 7:31 | Build | Palisade Wall |
| 7:38 | Build | House |
| 7:43 | Queue | Militia |
| 7:43 | Queue | Militia |
| 8:07 | Build | House |
| 8:08 | Build | Palisade Wall |
| 8:10 | Queue | Militia |
| 8:25 | Queue | Militia |
| 9:10 | Build | Palisade Wall |
| 9:11 | Build | Palisade Wall |
| 9:16 | Age | Feudal Age |
| 9:20 | Research | Man-at-Arms (upgrade) |
| 9:20 | Research | Man-at-Arms (upgrade) |
| 9:20 | Research | Man-at-Arms (upgrade) |
| 9:40 | Queue | Villager (Male) |
| 9:42 | Research | Double-Bit Axe |
| 9:42 | Research | Double-Bit Axe |
| 9:42 | Research | Double-Bit Axe |
| 9:57 | Queue | Villager (Male) |
| 10:26 | Build | Palisade Wall |
| 10:35 | Queue | Villager (Male) |
| 10:39 | Build | Palisade Wall |
| 10:48 | Queue | Villager (Male) |
| 11:08 | Build | Archery Range |
| 11:18 | Build | House |
| 11:20 | Queue | Villager (Male) |
| 11:40 | Queue | Villager (Male) |
| 11:43 | Build | Farm |
| 11:53 | Build | Farm |
| 11:57 | Build | House |
| 12:01 | Queue | Archer |
| 12:04 | Queue | Villager (Male) |
| 12:25 | Build | Farm |
| 12:28 | Queue | Villager (Male) |
| 12:47 | Queue | Archer |
| 12:49 | Queue | Villager (Male) |
| 12:55 | Build | Blacksmith |
| 13:07 | Queue | Villager (Male) |
| 13:26 | Queue | Villager (Male) |
| 13:31 | Build | House |
| 13:33 | Queue | Villager (Male) |
| 13:36 | Build | Farm |
| 13:39 | Build | Farm |
| 13:40 | Queue | Villager (Male) |
| 13:46 | Queue | Archer |
| 13:53 | Research | Fletching |
| 13:53 | Research | Fletching |
| 13:53 | Research | Fletching |
| 14:35 | Build | House |
| 14:38 | Build | Lumber Camp |
| 14:39 | Queue | Villager (Male) |
| 14:50 | Build | Watch Tower |
| 14:57 | Queue | Archer |
| 14:57 | Queue | Archer |
| 15:02 | Queue | Archer |
| 15:10 | Build | House |
| 15:15 | Build | Palisade Wall |
| 15:35 | Queue | Villager (Male) |
| 15:38 | Research | Padded Archer Armor |
| 15:39 | Research | Padded Archer Armor |
| 15:40 | Queue | Skirmisher |
| 15:48 | Build | Farm |
| 15:51 | Build | Farm |
| 15:52 | Build | Farm |
| 15:57 | Build | House |
| 16:02 | Build | House |
| 16:03 | Build | House |
| 16:26 | Build | Farm |
| 16:30 | Build | Farm |
| 16:33 | Queue | Villager (Male) |
| 16:39 | Build | Farm |
| 16:40 | Build | Farm |
| 16:52 | Queue | Skirmisher |
| 16:58 | Build | Farm |
| 16:58 | Queue | Villager (Male) |
| 17:01 | Build | House |
| 17:06 | Queue | Villager (Male) |
| 17:23 | Queue | Skirmisher |
| 17:24 | Queue | Villager (Male) |
| 17:27 | Build | Farm |
| 17:43 | Build | Farm |
| 17:44 | Build | Farm |
| 17:44 | Build | Farm |
| 17:57 | Queue | Skirmisher |
| 18:01 | Queue | Villager (Male) |
| 18:17 | Build | Mining Camp |
| 18:21 | Queue | Villager (Male) |
| 18:31 | Build | Farm |
| 18:37 | Queue | Villager (Male) |
| 19:03 | Queue | Skirmisher |
| 19:20 | Queue | Archer |
| 19:20 | Queue | Archer |
| 19:35 | Queue | Villager (Male) |
| 19:50 | Queue | Villager (Male) |
| 19:52 | Build | Market |
| 19:56 | Build | Farm |
| 19:58 | Build | Farm |
| 20:12 | Queue | Villager (Male) |
| 20:31 | Build | Mill |
| 20:41 | Queue | Villager (Male) |
| 20:53 | Build | House |
| 21:13 | Research | Castle Age |
| 21:13 | Research | Castle Age |
| 21:13 | Research | Castle Age |
| 21:46 | Build | Watch Tower |
| 22:18 | Build | Archery Range |
| 22:59 | Build | Stable |
| 23:09 | Research | Gold Mining |
| 23:53 | Build | Stone Wall |
| 23:55 | Age | Castle Age |
| 23:57 | Build | Stone Wall |
| 23:59 | Research | Bodkin Arrow |
| 23:59 | Research | Bodkin Arrow |
| 23:59 | Research | Bodkin Arrow |
| 24:00 | Queue | Cavalry Archer |
Match timeline
| 4:21 | itsa true · first_building Barracks |
| 5:16 | KARA___ · first_building Barracks |
| 7:31 | KARA___ · wall_segment Palisade Wall x2 |
| 8:08 | KARA___ · wall_segment Palisade Wall x8 |
| 9:10 | KARA___ · wall_segment Palisade Wall x1 |
| 9:11 | KARA___ · wall_segment Palisade Wall x1 |
| 9:16 | KARA___ · age_up feudal |
| 9:28 | itsa true · wall_segment Palisade Wall x1 |
| 9:35 | itsa true · wall_segment Palisade Wall x1 |
| 9:36 | itsa true · wall_segment Palisade Wall x1 |
| 9:37 | itsa true · wall_segment Palisade Wall x1 |
| 9:45 | itsa true · wall_segment Palisade Wall x1 |
| 9:47 | itsa true · wall_segment Palisade Wall x1 |
| 9:49 | itsa true · wall_segment Palisade Wall x1 |
| 9:52 | itsa true · wall_segment Palisade Wall x1 |
| 9:53 | itsa true · wall_segment Palisade Wall x1 |
| 9:55 | itsa true · wall_segment Palisade Wall x1 |
| 10:26 | KARA___ · wall_segment Palisade Wall x1 |
| 10:31 | itsa true · age_up feudal |
| 10:39 | KARA___ · wall_segment Palisade Wall x1 |
| 10:42 | itsa true · first_building Archery Range |
| 10:51 | itsa true · wall_segment Palisade Wall x1 |
| 10:52 | itsa true · wall_segment Palisade Wall x1 |
| 10:54 | itsa true · wall_segment Palisade Wall x1 |
| 10:56 | itsa true · wall_segment Palisade Wall x1 |
| 11:08 | KARA___ · first_building Archery Range |
| 11:33 | itsa true · wall_segment Palisade Wall x1 |
| 12:34 | itsa true · wall_segment Palisade Wall x1 |
| 12:35 | itsa true · wall_segment Palisade Wall x1 |
| 13:18 | itsa true · wall_segment Palisade Wall x1 |
| 13:22 | itsa true · wall_segment Palisade Wall x1 |
| 15:15 | KARA___ · wall_segment Palisade Wall x5 |
| 18:19 | itsa true · wall_segment Palisade Wall x6 |
| 19:36 | itsa true · wall_segment Palisade Wall x4 |
| 21:04 | KARA___ · first_market_buy 100 food |
| 21:36 | itsa true · age_up castle |
| 22:59 | KARA___ · first_building Stable |
| 23:13 | itsa true · first_building Monastery |
| 23:53 | KARA___ · wall_segment Stone Wall x1 |
| 23:55 | KARA___ · age_up castle |
| 23:57 | KARA___ · wall_segment Stone Wall x1 |
| 24:20 | KARA___ · wall_segment Stone Wall x1 |
| 24:21 | KARA___ · wall_segment Stone Wall x1 |
| 24:22 | KARA___ · wall_segment Stone Wall x1 |
| 25:08 | KARA___ · first_market_sell 100 food |
| 29:23 | KARA___ · wall_segment Stone Wall x2 |
| 29:23 | KARA___ · wall_segment Stone Wall x3 |
| 31:08 | KARA___ · first_building Siege Workshop |
| 31:45 | itsa true · first_building Stable |
| 32:13 | itsa true · first_building Castle |
| 35:01 | itsa true · first_market_sell 100 wood |
| 37:02 | KARA___ · first_building Castle |
| 37:49 | itsa true · first_building Siege Workshop |
| 39:05 | KARA___ · wall_segment Stone Wall x4 |
| 39:09 | KARA___ · wall_segment Stone Wall x6 |
| 41:03 | itsa true · age_up imperial |
| 41:42 | KARA___ · resign |
[ AI ANALYSIS · 1 CREDIT ]
What really happened in this match?
Wolo.gg analyzes every decision: build order, eco, micro, common mistakes by bracket. Personalized analysis on WhatsApp or Discord in 30 seconds.
Civ guide
Romans
Perfil
Jugador #10802610